 Dungeon Crawl Stone Soup version 0.31-a0-995-g04711c9635 (webtiles) character file.

Game seed: 10179630448018805478

411 Azuregosa the Covert (level 6, -7/43 HPs)
             Began as an Octopode Delver on Nov 6, 2023.
             Killed by nerve-wracking pain
             ... invoked by an orc priest
              (10 damage)
             ... on level 4 of the Dungeon.
             The game lasted 00:10:20 (3184 turns).

Azuregosa the Covert (Octopode Delver)              Turns: 3184, Time: 00:10:22

Health: -7/43      AC:  1    Str: 11    XL:     6   Next: 90%
Magic:  6/6        EV: 11    Int: 13    God:
Gold:   203        SH:  8    Dex: 15    Spells: 2/5 levels left

rFire   . . .        p - +0 falchion
rCold   . . .        n - +0 kite shield
rNeg    . . .        (helmet restricted)
rPois   .            (no amulet)
rElec   .            (no ring)
rCorr   .            (no ring)
SInv    .            (no ring)
Will    .....        (no ring)
Stlth   ++++++       (no ring)
HPRegen 0.27/turn    (no ring)
MPRegen 0.10/turn    (no ring)
                     (no ring)

%: no passive effects
@: no status effects
A: almost no armour, amphibious, 8 rings, camouflage 1, gelatinous body 1,
(nimble swimmer 1), tentacles
a: no special abilities


You were on level 4 of the Dungeon.
You visited 1 branch of the dungeon, and saw 6 of its levels.

You collected 203 gold pieces.

Inventory:

Hand Weapons
 b - a +0 whip
 g - a +0 quarterstaff
 h - a +0 trident
 p - a +0 falchion (weapon)
 u - a +0 scythe of protection
Missiles
 o - 8 poisoned darts
 w - 32 stones
Armour
 n - a +0 kite shield (worn)
 v - a +0 buckler
Magical Staves
 j - a staff of poison
Talismans
 B - a flux talisman
Wands
 e - a wand of digging (3)
 y - a wand of flame (15)
Scrolls
 a - a scroll of fog
 c - a scroll of fear
 i - 4 scrolls of identify {unknown}
 m - 2 scrolls of brand weapon {unknown}
 q - 3 scrolls of summoning {unknown}
 r - a scroll of immolation {unknown}
 s - a scroll of teleportation {unknown}
 t - 2 scrolls of silence {unknown}
 x - a scroll of enchant weapon {unknown}
Potions
 d - 2 potions of haste
 f - a potion of attraction {unknown}
 k - a potion of curing {unknown}
 l - a potion of enlightenment {unknown}
 z - a potion of cancellation {unknown}
 A - a potion of resistance {unknown}
 C - 2 potions of berserk rage {unknown}


   Skills:
 + Level 3.8 Fighting
 - Level 2.0 Dodging
 - Level 11.0 Stealth
 - Level 1.2 Shields
 - Level 2.0 Unarmed Combat


You had 2 spell levels left.
You knew the following spells:

 Your Spells              Type           Power      Damage    Failure   Level
a - Dazzling Flash        Conj/Hex       0%         N/A       99%         3

Your spell library contained the following spells:

 Spells                   Type           Power      Damage    Failure   Level
 Agony                    Necr           0%         N/A       100%        5
 Silence                  Hex/Air        0%         N/A       100%        5


Dungeon Overview and Level Annotations

Branches:
Dungeon (6/15)
 Temple: D:4-7

Altars:
Uskayaw

Shops:
D:4 [

Annotations:
D:3 3 runed translucent doors, JaaP's ghost, amateur TrBe


Innate Abilities, Weirdness & Mutations

You cannot wear most types of armour.
You are amphibious.
You can wear up to eight rings at the same time.
Your skin changes colour to match your surroundings (Stealth+).
Your rubbery body absorbs attacks. (AC +1, EV +1)
((You are camouflaged when in or above water. (Stealth+)))
You have tentacles for arms and can constrict up to eight enemies at once.


Message History

You kill the ball python!
The ball python bites you. The ball python closely misses you.
You slash the ball python!
You kill the ball python!
You see here a ball python corpse.
You now have 203 gold pieces (gained 8).
You see here a ball python corpse.
You see here a giant cockroach corpse.
C - 2 silvery potions (gained 1)
An orc comes into view. It is wielding a +0 flail.
An endoplasm and 2 orcs come into view.
The orc shouts!
You hear a shout!
The orc moves out of view.
An orc priest comes into view. It is wielding a +0 club.
The orc throws a boomerang.
The boomerang hits you.
The orc shouts! x2
The endoplasm quivers.
You hit the orc. You grab the orc. You squeeze the orc.
You kill the orc!
The orc hits you with a +0 flail! The orc priest closely misses you.
Things that are here:
a +0 flail; 3 boomerangs You closely miss the orc priest.
You grab the orc priest. You constrict the orc priest. The orc misses you.
The orc priest hits you with a +0 club. x2; The orc hits you with a +0 flail.
You hit the orc priest but do no damage.
You tentacle-slap the orc priest.
The orc priest is lightly wounded.
You constrict the orc priest. The orc hits you with a +0 flail!
The orc priest hits you with a +0 club.
* * * LOW HITPOINT WARNING * * *
The orc closely misses you.
You hit the orc priest but do no damage.
You squeeze the orc priest.
The orc priest is heavily wounded.
You constrict the orc priest. The orc hits you with a +0 flail!
* * * LOW HITPOINT WARNING * * *
The orc priest calls down the wrath of Beogh upon you.
Pain shoots through your body!
You die...

#..#
...#.............#...##
#.....
...........†.†........#
#......
..................#.###
....##.
.#.##............###
.... #....#....#....#
.### ##..#######..###
## #....# ...#
#...o###..#.#
###@oJ....#.. ##o......
.....#. .....# ....##
####....# #..###.##
#...#### ## #.....#


You could see an orc priest, 2 orcs and an endoplasm.

Vanquished Creatures
  Sigmund (D:2)
  A jelly (D:4)
  Terence (D:3)
  Robin (D:2)
  8 adders
  2 dart slugs
  An orc (D:4)
  7 endoplasms
  5 giant cockroaches
  16 goblins
  15 hobgoblins
  8 quokkas
  11 ball pythons
  5 bats
  4 frilled lizards
  10 kobolds
  6 rats
102 creatures vanquished.

Notes
Turn   | Place    | Note
-------+----------+-------------------------------------------
     0 | D:5      | Azuregosa the Octopode Delver began the quest for the Orb.
     0 | D:5      | Reached XP level 1. HP: 16/16 MP: 1/1
     1 | D:6      | Noticed a steam dragon
    59 | D:4      | Found Nawahuuh's Antique Armour Emporium.
   140 | D:3      | Reached skill level 7 in Stealth
   191 | D:3      | Found a runed translucent gate.
   192 | D:3      | Found a runed translucent gate.
   193 | D:3      | Found a runed translucent gate.
   195 | D:3      | Reached XP level 2. HP: 21/21 MP: 2/2
   331 | D:2      | Reached XP level 3. HP: 12/26 MP: 3/3
   415 | D:2      | Noticed Robin
   426 | D:2      | Reached skill level 8 in Stealth
   431 | D:2      | Killed Robin
   585 | D:1      | Reached XP level 4. HP: 23/31 MP: 4/4
  1373 | D:1      | Reached skill level 9 in Stealth
  1636 | D:2      | Noticed Sigmund
  1648 | D:2      | Killed Sigmund
  1649 | D:2      | Reached skill level 10 in Stealth
  1649 | D:2      | Reached XP level 5. HP: 30/36 MP: 5/5
  1649 | D:2      | Reached XP level 6. HP: 35/42 MP: 6/6
  1862 | D:2      | Reached skill level 11 in Stealth
  2329 | D:3      | Noticed Terence
  2335 | D:3      | Killed Terence
  2336 | D:3      | Reached skill level 1 in Shields
  2397 | D:3      | Found a hide-covered altar of Uskayaw.
  2584 | D:3      | Learned a level 3 spell: Dazzling Flash
  2702 | D:3      | Noticed JaaP's ghost (amateur TrBe)
  3184 | D:4      | Killed from afar by an orc priest

Illustrated notes

Levels and vault maps discovered:
D:1:      minmay_arrival_loop, layout_loops_ring, serial_bayou_lagoon_b
D:2:      kennysheep_the_goblin_king, layout_loops_ring, minmay_tall_x,
          uniq_robin, uniq_sigmund
D:3:      layout_basic, amcnicky_altar_gilded, gammafunk_ghost_icy,
          chequers_decorated_corner, uniq_terence
D:4:      cheibrodos_fertilizer, layout_cave_pools, serial_shops, shop
D:5:      layout_gridville, nicolae_fountain_basement
D:6:      layout_loops_corners

Skill      XL: |  1  2  3  4  5  6 |
---------------+-------------------+-----
Stealth        | 7 8 10 11 | 11.0
Shields        | 1 |  1.2
Fighting       | |  3.8
Dodging        | |  2.0
Unarmed Combat | |  2.0

Action                     |  1- 3 |  4- 6 || total
---------------------------+-------+-------++-------
  Melee: Trident           |    26 |       ||    26
         Constrict         |    21 |    35 ||    56
         Tentacles         |    15 |    24 ||    39
         Falchion          |    44 |   112 ||   156
         Punch             |     2 |     4 ||     6
    Use: Scroll            |     1 |       ||     1
   Stab: Sleeping          |     7 |    27 ||    34
 Armour: Skin              |    32 |    44 ||    76
  Dodge: Dodged            |    38 |    35 ||    73
  Block: Kite shield       |    25 |    37 ||    62

Table legend: (Time is in decaauts)
 A = Elapsed time spent in this place.
 B = Non-inter-level travel time spent in this place.
 C = Inter-level travel time spent in this place.
 D = Time resting spent in this place.
 E = Time spent auto-exploring this place.
 F = Levels seen in this place.
 G = Mean time per level.
                   A        B        C        D        E       F      G
               +--------+--------+--------+--------+--------+-----+--------+
         Total |   3274 |   3213 |     61 |    282 |   1844 |   6 |  545.7 |
       Dungeon |   3274 |   3213 |     61 |    282 |   1844 |   6 |  545.7 |
               +--------+--------+--------+--------+--------+-----+--------+

Top non-repeatable levels by time:
     D:2: 1071 daAuts
     D:1: 962 daAuts
     D:3: 881 daAuts
     D:4: 299 daAuts
     D:5: 57 daAuts
     D:6: 1 daAuts
